 Dungeon Crawl Stone Soup version 0.30.0-29-ga12c61a403 (webtiles) character file.

Game seed: 2011638486342290826

41 monsoonserge the Chopper (level 4, 0/35 (36) HPs)
             Began as a Meteoran Wanderer on June 21, 2023.
             Slain by Crazy Yiuf
             ... wielding a +4 quarterstaff of chaos
              (6 damage)
             ... on level 2 of the Dungeon.
             The game lasted 00:03:52 (673 turns).

monsoonserge the Chopper (Meteoran Wanderer)         Turns: 673, Time: 00:03:53

HP:   0/35 (36)     AC:  6    Str: 14    XL:     4   Next: 1%
MP:   0/5           EV: 15    Int: 13    God:
Gold: 78            SH:  0    Dex: 15    Spells: 3/3 levels left

rFire   . . .        a - +2 hand axe
rCold   . . .        (no shield)
rNeg    . . .        h - +0 ring mail
rPois   .            j - +0 helmet
rElec   .            (no cloak)
rCorr   .            (no gloves)
SInv    .            (no boots)
Will    .....        (no amulet)
Stlth   +            (no ring)
HPRegen 0.25/turn    (no ring)
MPRegen 0.09/turn

%: no passive effects
@: agile, glowing, lightly drained
A: sense surroundings 1, otherworldly, glowing, explore regen
a: no special abilities


You were on level 2 of the Dungeon.
You visited 1 branch of the dungeon, and saw 2 of its levels.

You collected 78 gold pieces.

Inventory:

Hand Weapons
 a - a +2 hand axe (weapon)
 b - a +0 spear
 d - a +0 dagger
Missiles
 c - 8 boomerangs (quivered)
Armour
 f - a +0 robe
 h - a +0 ring mail (worn)
 j - a +0 helmet (worn)
Scrolls
 e - a scroll of fear
 i - a scroll of amnesia {unknown}
 k - a scroll of teleportation {unknown}
 l - a scroll of vulnerability {unknown}
Potions
 g - a potion of curing
 m - a potion of lignification {unknown}
 n - a potion of berserk rage {unknown}


   Skills:
 + Level 1.7 Fighting
 + Level 4.6(5.0) Axes
 + Level 2.8(4.1) Polearms
 + Level 2.6 Throwing
 + Level 1.6 Armour
 + Level 1.2 Evocations


You had 3 spell levels left.
You didn't know any spells.
Your spell library was empty.

Dungeon Overview and Level Annotations

Branches:
Dungeon (2/15) Zot: 520

Altars:

Annotations:
D:2 Crazy Yiuf


Innate Abilities, Weirdness & Mutations

You passively map a small area around you.
You are easily found by Zot.
You glow in the dark.
You regain HP and MP as you explore.


Message History

Crazy Yiuf hits you with a +4 quarterstaff of chaos.
You feel drained.
You hit Crazy Yiuf.
Crazy Yiuf is lightly wounded.
Crazy Yiuf glowers.
Crazy Yiuf hits you with a +4 quarterstaff of chaos.
You closely miss Crazy Yiuf.
Crazy Yiuf is lightly wounded.
Crazy Yiuf closely misses you.
You hit Crazy Yiuf.
Crazy Yiuf is moderately wounded.
Crazy Yiuf screams, "Powder head verde!"
Crazy Yiuf barely misses you.
Crazy Yiuf hits you with a +4 quarterstaff of chaos.
Crazy Yiuf freezes you.
You hit Crazy Yiuf.
Crazy Yiuf is moderately wounded.
Crazy Yiuf whimpers, "Adder ragdoll foot!"
Crazy Yiuf hits you with a +4 quarterstaff of chaos!
* * * LOW HITPOINT WARNING * * *
You feel your power leaking away.
Unknown command.
Sorry, you're not good enough to have a special ability.
Unknown command.
You aren't carrying any items that you can evoke.
It was a potion of curing.
You feel better. Crazy Yiuf closely misses you.
You hit Crazy Yiuf.
Crazy Yiuf is heavily wounded.
Crazy Yiuf misses you.
You closely miss Crazy Yiuf.
Crazy Yiuf is heavily wounded.
Crazy Yiuf hits you with a +4 quarterstaff of chaos!
* * * LOW HITPOINT WARNING * * *
You blink.
Unknown command.
You are too injured to fight recklessly!
You hit Crazy Yiuf.
Crazy Yiuf is severely wounded.
Crazy Yiuf hits you with a +4 quarterstaff of chaos.
You die...

#...........
#.##........
#.##........,
#.##........ ,
##.##.####### *
...##.# #####.#
#.##♣♣ #####
##....♣♣ ♣♣#@.)#
###.....P♣♣♣♣.g...#
#......P..♣..♣#...#
#......P.♣.♣♣♣#####
#....##♣♣♣♣♣ *
#....# #....# ** *
* , #..... , ,* ,
#...... ,,


You could see Crazy Yiuf.

Vanquished Creatures
  An adder (D:2)
  2 dart slugs (D:1)
  A ball python (D:2)
  3 endoplasms (D:1)
  2 giant cockroaches (D:1)
  2 goblins (D:1)
  3 hobgoblins (D:1)
  4 quokkas
  A bat (D:1)
  2 frilled lizards (D:1)
  A kobold (D:1)
  2 rats (D:1)
24 creatures vanquished.

Notes
Turn   | Place    | Note
-------+----------+-------------------------------------------
     0 | D:1      | monsoonserge the Meteoran Wanderer began the quest for the
                  | Orb.
     0 | D:1      | monsoonserge set off with the following items: a +2 hand
                  | axe, a +0 spear, 8 boomerangs, a +0 dagger, a scroll of
                  | fear, a +0 robe.
     0 | D:1      | Reached XP level 1. HP: 16/16 MP: 2/2
    75 | D:1      | Reached XP level 2. HP: 21/23 MP: 3/3
   133 | D:1      | Reached skill level 4 in Axes
   206 | D:1      | Reached XP level 3. HP: 21/28 MP: 4/4
   495 | D:1      | Glimpsed the power of Zot.
   545 | D:1      | Glimpsed the power of Zot.
   650 | D:2      | Reached XP level 4. HP: 36/36 MP: 5/5
   658 | D:2      | Found a runed translucent door.
   659 | D:2      | Noticed Crazy Yiuf
   673 | D:2      | Slain by Crazy Yiuf

Illustrated notes

Levels and vault maps discovered:
D:1:      psy_arrival_radial02, layout_loops_ring
D:2:      layout_basic, uniq_crazy_yiuf_cottage

Skill      XL: |  1  2 |
---------------+-------+-----
Axes           | 4 |  4.6
Fighting       | |  1.7
Polearms       | |  2.8
Throwing       | |  2.6
Armour         | |  1.6
Evocations     | |  1.2

Action                     |  1- 3 |  4- 6 || total
---------------------------+-------+-------++-------
  Melee: Hand axe          |    72 |    10 ||    82
  Throw: Boomerang         |     1 |       ||     1
    Use: Potion            |       |     1 ||     1
 Armour: Robe              |     2 |       ||     2
         Ring mail         |    22 |       ||    22
  Dodge: Dodged            |    18 |     5 ||    23
